 Dungeon Crawl Stone Soup version 0.31.0-11-ge490571c62 (webtiles) character file.

Game seed: 14639906694060996671

37 Gadfly the Ruffian (level 3, -3/26 HPs)
             Began as a Demonspawn Shapeshifter on Jan 27, 2024.
             Succumbed to a gnoll's poison
             ... on level 2 of the Dungeon.
             The game lasted 00:01:45 (1255 turns).

Gadfly the Ruffian (Demonspawn Shapeshifter)        Turns: 1255, Time: 00:01:46

Health: -3/26      AC:  2    Str: 16    XL:     3   Next: 23%
Magic:  3/3        EV:  6    Int: 10    God:
Gold:   79         SH:  0    Dex: 12    Spells: 2/2 levels left

rFire   + .          .
                       - Unarmed
rCold   + . .        (no shield)
rNeg    . . .        a - +0 animal skin
rPois   +            (helmet currently unavailable)
rElec   +            (cloak currently unavailable)
rCorr   +            (gloves currently unavailable)
SInv    .            (boots currently unavailable)
Will    .....        (no amulet)
Stlth   +            (no ring)
HPRegen 0.24/turn    (no ring)
MPRegen 0.08/turn

%: no passive effects
@: lethally poisoned (-3 -> -30), beast-form, resistant, held
A: beast (slay +1), powered by death 2
a: Begin Untransformation


You were on level 2 of the Dungeon.
You were a hulking beast.
You visited 1 branch of the dungeon, and saw 2 of its levels.

You collected 79 gold pieces.

Inventory:

Armour
 a - a +0 animal skin (worn)
Talismans
 c - a beast talisman
 d - a flux talisman
Scrolls
 f - 3 scrolls of teleportation
 h - 2 scrolls of identify
 j - a scroll of fear {unknown}
Potions
 b - 2 potions of lignification
 e - a potion of resistance
 g - 2 potions of mutation
 i - a potion of attraction {unknown}


   Skills:
 + Level 1.5 Fighting
 * Level 2.3 Dodging
 + Level 2.9 Unarmed Combat
 * Level 1.3 Evocations
 + Level 2.8 Shapeshifting


You had 2 spell levels left.
You didn't know any spells.
Your spell library was empty.

Dungeon Overview and Level Annotations

Branches:
Dungeon (2/15)

Altars:


Innate Abilities, Weirdness & Mutations

You are a hulking beast.
Your limbs bulge with bestial killing power. (Slay +1)
You regenerate health from kills.


Message History

The frilled lizard attacks as it pursues you!
The frilled lizard bites you but does no damage.
The frilled lizard attacks as it pursues you!
The frilled lizard barely misses you.
The frilled lizard attacks as it pursues you!
The frilled lizard closely misses you.
The frilled lizard hisses.
You completely miss the frilled lizard. You hit the frilled lizard.
The frilled lizard is heavily wounded.
The frilled lizard hisses.
The frilled lizard bites you. The gnoll barely misses you.
You miss the frilled lizard.
The frilled lizard is heavily wounded.
The frilled lizard barely misses you. The gnoll completely misses you.
You hit the frilled lizard.
You kill the frilled lizard!
The gnoll closely misses you.
An endoplasm comes into view.
The endoplasm quivers.
A ball python comes into view.
Found a stone staircase leading down.
The ball python hisses angrily.
You see here a scroll labelled EJITA GOUTSENIM.
j - a scroll labelled EJITA GOUTSENIM The gnoll throws a throwing net.
The throwing net hits you.
You become entangled in the net!
You tear a large gash into the net.
The gnoll hits you with a +0 whip of venom.
You are lethally poisoned!
Unknown command.
You struggle against the net.
You feel very sick.
The gnoll hits you with a +0 whip of venom!
* * * LOW HITPOINT WARNING * * *
You are more poisoned.
Unknown command.
It was a potion of resistance.
You feel protected.
You die...

........g.####g...#⌠#...
......$.### #g#..###.#
..##......## #.##...J.#
...........###.....###
#......†S...g###g.##
#.......g##...g#...#
.......g.#####..J..#
..........# ##..##..#.#
........... .... #.# .
..........## #.... .#
.......##.. #....# #
....... ..# #..>.#
####### ..# ..#


You could see 3 gnolls and a ball python.

Vanquished Creatures
  A dart slug (D:1)
  3 ribbon worms (D:2)
  4 ball pythons
  3 endoplasms
  3 goblins
  2 hobgoblins (D:2)
  3 kobolds
  A quokka (D:2)
  A bat (D:2)
  4 frilled lizards
  3 rats
28 creatures vanquished.

Notes
Turn   | Place    | Note
-------+----------+-------------------------------------------
     0 | D:1      | Gadfly the Demonspawn Shapeshifter began the quest for the
                  | Orb.
     0 | D:1      | Reached XP level 1. HP: 15/15 MP: 1/1
   456 | D:1      | Gained mutation: You regenerate a little health from kills.
                  | [demonic ancestry]
   456 | D:1      | Reached XP level 2. HP: 19/21 MP: 2/2
   973 | D:2      | Reached skill level 1 in Evocations
  1105 | D:2      | Gained mutation: You regenerate health from kills. [demonic
                  | ancestry]
  1105 | D:2      | Reached XP level 3. HP: 23/26 MP: 3/3
  1255 | D:2      | Succumbed to a gnoll's poison

Illustrated notes

Levels and vault maps discovered:
D:1:      reono_arrival_forest_river, layout_basic, minmay_tromino_mix6
D:2:      layout_rooms, feat_on_display

Skill      XL: |  1  2 |
---------------+-------+-----
Dodging        | 2 |  2.3
Evocations     | 1 |  1.3
Fighting       | |  1.5
Unarmed Combat | |  2.9
Shapeshifting  | |  2.8

Action                     || total
---------------------------++-------
  Melee: Unarmed           ||    89
         Punch             ||     1
    Use: Scroll            ||     3
         Potion            ||     1
   Stab: Sleeping          ||     1
 Armour: Animal skin       ||    47
  Dodge: Dodged            ||    53
